 Dungeon Crawl Stone Soup version 0.18.1-48-g4cf74bf (webtiles) character file.

2176 poirepourri the Skirmisher (level 9, -5/72 HPs)
             Began as a Demonspawn Berserker on July 6, 2016.
             Was an Elder of Trog.
             Slain by a killer bee (6 damage)
             ... on level 8 of the Dungeon.
             The game lasted 00:11:28 (8177 turns).

poirepourri the Skirmisher (Demonspawn Berserker)   Turns: 8177, Time: 00:11:29

Health: -5/72      AC:  9    Str: 20    XL:     9   Next: 11%
Magic:  9/9        EV: 12    Int:  8    God:    Trog [****..]
Gold:   510        SH:  2    Dex: 14    Spells: 0 memorised, 8 levels left

rFire  . . .     SeeInvis +     a - +1 hand axe
rCold  + . .     Gourm    .     r - +0 scale mail
rNeg   . . .     Faith    .     (no shield)
rPois  +         Spirit   .     (no helmet)
rElec  .         Dismiss  .     n - +0 cloak
rCorr  .         Reflect  .     (gloves unavailable)
SustAt .         Harm     .     (no boots)
MR     .....                    (no amulet)
Stlth  ..........               D - ring of see invisible
                                c - ring of poison resistance

@: lethally poisoned (-5 -> -16), not resistant to hostile enchantments,
extremely unstealthy
A: claws 3, large bone plates 1, cold resistance 1, demonic guardian 1, freezing
cloud immunity
a: Berserk, Trog's Hand, Brothers in Arms, Burn Spellbooks, Renounce Religion


You were on level 8 of the Dungeon.
You worshipped Trog.
Trog was greatly pleased with you.
You were not hungry.

You visited 2 branches of the dungeon, and saw 9 of its levels.

You collected 510 gold pieces.

Inventory:

Hand Weapons
 a - a +1 hand axe (weapon)
Missiles
 w - 21 bolts
Armour
 d - a +1 hat
 n - a +0 cloak (worn)
 r - a +0 scale mail (worn)
 J - a +2 hat
Jewellery
 c - a ring of poison resistance (left claw)
 D - a ring of see invisible (right claw)
Wands
 g - a wand of paralysis (11/24)
 o - a wand of paralysis (11/24)
 q - a wand of iceblast (7/15)
 v - a wand of lightning (7/15)
 z - a wand of flame (37/48)
 G - a wand of random effects (29/48)
Scrolls
 b - a scroll of enchant weapon
 e - 2 scrolls of remove curse
 m - 3 scrolls of fog
 u - a scroll of amnesia
 x - a scroll of holy word {unknown}
 y - 2 scrolls of magic mapping
 C - a scroll of immolation {unknown}
 F - a scroll of identify
 I - a scroll of summoning {unknown}
Potions
 h - a potion of brilliance
 i - 3 potions of agility {unknown}
 j - 2 potions of invisibility {unknown}
 l - a potion of resistance {unknown}
 p - 3 potions of degeneration {unknown}
 s - 3 potions of cancellation {unknown}
 B - a potion of berserk rage
 H - 2 potions of might {unknown}
Books
 E - a book of Necromancy

   Spells                             Type                      Level
   a - Pain                           Necromancy                   1
   b - Animate Skeleton               Necromancy                   1
   c - Vampiric Draining              Necromancy                   3
   d - Regeneration                   Charms/Necromancy            3
   e - Animate Dead                   Necromancy                   4
   f - Control Undead                 Necromancy                   4
   Trog disapproves of the use of such an item.
Comestibles
 f - 6 fruits
 t - 2 bread rations


   Skills:
 + Level 7.6 Fighting
 + Level 7.5 Axes
 - Level 3.1 Armour
 - Level 4.9 Dodging
 - Level 1.4 Stealth


You had 8 spell levels left.
You didn't know any spells.

Dungeon Overview and Level Annotations

Branches:
Dungeon (8/15)             Temple (1/1) D:6
   Lair: D:8-11

Altars:
Ashenzari
Dithmenos
Fedhas
Gozag
Kikubaaqudgha
Makhleb
Nemelex Xobeh
Okawaru
Qazlal
Sif Muna
Xom
Yredelemnul
Zin


Innate Abilities, Weirdness & Mutations

You have claws for hands.
You are partially covered in large bone plates (AC +2, SH +2).
Your flesh is cold resistant.
A weak demonic guardian rushes to your aid.
You are immune to freezing clouds.


Message History

* * * LOW HITPOINT WARNING * * *
You are more poisoned.
The killer bee poisons you! The killer bee stings you.
* * * LOW HITPOINT WARNING * * *
The killer bee barely misses you. The giant frog barely misses you.
You hit the giant frog.
You kill the giant frog!
Trog accepts your kill.
You barely miss the killer bee.
The killer bee is heavily wounded.
Your scale mail prevents you from hitting the killer bee.
The killer bee is almost dead.
You miss the killer bee.
The killer bee is severely wounded.
You hit the centaur.
You kill the centaur!
Trog accepts your kill.
* * * LOW HITPOINT WARNING * * *
You feel sick. The killer bee stings you.
You die...

?. ...#
#.####...####
..#........
........#
.......#!#
....... #†).# .
######@#.#....
#....yyy......
#......§......
.=.......###...
........##># ..
.......## #
......# ..###.
.. #.


You could see 3 killer bees.

Vanquished Creatures
  Eustachio (D:4)
  Edmund (D:4)
  A black bear (D:6)
  An ice beast (D:4)
  2 phantoms
  4 ogres
  A centaur (D:8)
  4 giant frogs
  A scorpion (D:4)
  A killer bee (D:8)
  2 crimson imps
  A centaur zombie (D:7)
  A giant frog zombie (D:5)
  3 hounds
  3 orc priests
  2 iguanas
  3 worker ants
  4 orc wizards
  2 hound skeletons (D:4)
  A howler monkey zombie (D:5)
  A worker ant zombie (D:5)
  10 adders
  2 shadow imps
  2 oozes
  6 worms
  A dart slug (D:2)
  5 giant geckos
  21 orcs
  7 giant cockroaches
  10 hobgoblins
  6 jackals
  7 kobolds
  2 quokkas
  A ball python (D:1)
  5 bats
  3 giant newts
  5 goblins
  8 rats
141 creatures vanquished.

Vanquished Creatures (collateral kills)
  A hippogriff (D:7)
  A killer bee zombie (D:6)
  An orc (D:6)
3 creatures vanquished.

Grand Total: 144 creatures vanquished

Notes
Turn   | Place    | Note
--------------------------------------------------------------
     0 | D:1      | poirepourri the Demonspawn Berserker began the quest for the Orb.
     0 | D:1      | Reached XP level 1. HP: 18/18 MP: 1/1
   263 | D:1      | Gained mutation: You are partially covered in large bone plates (AC +2, SH +2). [demonic ancestry]
   263 | D:1      | Reached XP level 2. HP: 13/24 MP: 2/2
  1111 | D:1      | Reached ** piety under Trog
  1113 | D:1      | Gained mutation: You have sharp fingernails. [demonic ancestry]
  1113 | D:1      | Reached XP level 3. HP: 12/29 MP: 3/3
  1895 | D:2      | Reached XP level 4. HP: 16/35 MP: 4/4
  2341 | D:3      | Noticed a giant frog
  2354 | D:3      | Killed a giant frog
  2354 | D:3      | Gained mutation: You have very sharp fingernails. [demonic ancestry]
  2354 | D:3      | Reached XP level 5. HP: 34/41 MP: 5/5
  2575 | D:3      | Reached skill level 1 in Stealth
  2834 | D:3      | Reached *** piety under Trog
  3295 | D:4      | Noticed a phantom
  3377 | D:4      | Noticed Edmund
  3401 | D:4      | Killed Edmund
  3401 | D:4      | Gained mutation: Your flesh is cold resistant. [demonic ancestry]
  3401 | D:4      | Reached XP level 6. HP: 16/48 MP: 6/6
  3974 | D:4      | Found an iron altar of Okawaru.
  4087 | D:4      | Gained mutation: A weak demonic guardian rushes to your aid. [demonic ancestry]
  4087 | D:4      | Reached XP level 7. HP: 52/55 MP: 7/7
  4110 | D:4      | Noticed Eustachio
  4144 | D:4      | Killed Eustachio
  4495 | D:4      | Reached skill level 5 in Axes
  4839 | D:5      | Entered Level 5 of the Dungeon
  4958 | D:5      | Reached skill level 5 in Fighting
  5469 | D:6      | Gained mutation: You are immune to freezing clouds. [demonic ancestry]
  5469 | D:6      | Reached XP level 8. HP: 45/62 MP: 8/8
  6380 | D:6      | Reached **** piety under Trog
  6478 | D:6      | Found a staircase to the Ecumenical Temple.
  6720 | Temple   | Entered the Ecumenical Temple
  8165 | D:8      | Gained mutation: You have claws for hands. [demonic ancestry]
  8165 | D:8      | Reached XP level 9. HP: 72/72 MP: 9/9
  8176 | D:8      | HP: 1/72 [killer bee (4)]
  8177 | D:8      | Slain by a killer bee

Skill      XL: |  1  2  3  4  5  6  7  8 |
---------------+-------------------------+-----
Armour         | 2 3 |  3.1
Dodging        | 2 3 4 |  4.9
Axes           | 3 4 5 7 |  7.5
Stealth        | 1 |  1.4
Fighting       | 4 5 7 |  7.6

Action                   |  1- 3 |  4- 6 |  7- 9 || total
-------------------------+-------+-------+-------++-------
Melee: Hand axe          |   131 |   204 |   468 ||   803
Invok: Berserk           |     2 |     3 |     1 ||     6
       Trog's Hand       |       |     2 |       ||     2
  Use: Scroll            |       |     7 |     3 ||    10
       Potion            |       |     4 |       ||     4
 Stab: Distracted        |       |       |     4 ||     4
  Eat: Fruit             |     1 |     1 |     2 ||     4
       Meat ration       |     1 |     1 |     2 ||     4
       Bread ration      |       |     1 |     1 ||     2
       Beef jerky        |       |       |     1 ||     1
Armor: Animal skin       |    61 |    15 |       ||    76
       Leather armour    |       |    24 |       ||    24
       Skin              |       |    15 |       ||    15
       Scale mail        |       |     2 |   258 ||   260
Dodge: Dodged            |   119 |   113 |   310 ||   542
Block: Other             |    11 |    13 |    39 ||    63
